 Dungeon Crawl Stone Soup version 0.21.1-1-g345015f (webtiles) character file.

40 n0claF the Skirmisher (level 3, -9/33 HPs)
             Began as a Minotaur Berserker on July 4, 2018.
             Was a Believer of Trog.
             Killed by divine providence
             ... invoked by an orc priest
              (12 damage)
             ... on level 4 of the Dungeon.
             The game lasted 00:01:28 (988 turns).

n0claF the Skirmisher (Minotaur Berserker)           Turns: 988, Time: 00:01:29

Health: -9/33      AC:  2    Str: 22    XL:     3   Next: 30%
Magic:  2/2        EV: 12    Int:  4    God:    Trog [**....]
Gold:   51         SH:  0    Dex:  9    Spells: 2/2 levels left

rFire    . . .     SeeInvis .   a - +0 falchion
rCold    . . .     Gourm    .   (no shield)
rNeg     . . .     Faith    .   b - +0 animal skin
rPois    .         Spirit   .   (helmet restricted)
rElec    .         Reflect  .   (no cloak)
rCorr    .         Harm     .   (no gloves)
MR       .....                  (no boots)
Stlth    +.........             (no amulet)
HPRegen  0.11/turn              (no ring)
MPRegen  0.08/turn              (no ring)

@: no status effects
A: retaliatory headbutt, horns 2
a: Berserk, Trog's Hand, Burn Spellbooks, Renounce Religion


You were on level 4 of the Dungeon.
You worshipped Trog.
Trog was pleased with you.
You were not hungry.

You visited 1 branch of the dungeon, and saw 3 of its levels.

You collected 51 gold pieces.

Inventory:

Hand Weapons
 a - a +0 falchion (weapon)
Armour
 b - a +0 animal skin (worn)
Scrolls
 f - a scroll of remove curse {unknown}
 h - 2 scrolls of magic mapping {unknown}
Potions
 c - a potion of lignification {unknown}
 d - a potion of curing {unknown}
 g - a potion of flight {unknown}
Comestibles
 e - 2 rations {!d}


   Skills:
 + Level 4.1 Fighting
 + Level 4.1 Long Blades
 + Level 3.1 Armour
 + Level 2.7 Dodging


You had 2 spell levels left.
You didn't know any spells.

Dungeon Overview and Level Annotations

Branches:
Dungeon (2/15)

Altars:
Ashenzari


Innate Abilities, Weirdness & Mutations

You reflexively headbutt those who attack you in melee.
You have a pair of horns on your head.


Message History

The kobold shouts!
Found a black potion.
Found a ration.
You closely miss the kobold. You headbutt the kobold. The kobold hits you.
You barely miss the kobold. The kobold hits you but does no damage.
You completely miss the kobold. Your headbutt misses the kobold.
The kobold hits you.
You completely miss the kobold. The kobold barely misses you.
You riposte.
You barely miss the kobold. You hit the kobold.
You kill the kobold!
Trog accepts your kill.
No target in view!
No target in view!
c - a smoky emerald potion
g - a black potion
There is a shattered altar of Ashenzari here.
You fall through a shaft for 2 floors!
The shaft crumbles and collapses.
Found 2 scrolls labeled UTIJYSM UTSO and a ration.
h - 2 scrolls labeled UTIJYSM UTSO An orc wizard comes into view.
It is wielding a dagger.
The orc wizard shouts!
You hear a shout!
An orc priest comes into view. It is wielding a dagger.
You miss the orc wizard. The orc wizard barely misses you.
The orc wizard hits you but does no damage.
You slash the orc wizard! Your headbutt misses the orc wizard.
The orc priest hits you with a dagger. The orc wizard hits you with a dagger.
You closely miss the orc wizard. The orc priest hits you with a dagger.
The orc wizard misses you.
You barely miss the orc wizard.
The orc priest begins to cast a cantrip, but forgets the words!
The orc wizard closely misses you. You furiously retaliate!
You headbutt the orc wizard. You barely miss the orc wizard.
The orc priest hits you with a dagger.
* * * LOW HITPOINT WARNING * * *
The orc wizard misses you.
A frilled lizard comes into view.
You barely miss the orc wizard.
The orc priest calls down the wrath of Beogh upon you.
Beogh smites you!
* * * LOW HITPOINT WARNING * * *
The orc wizard casts a spell.
The orc wizard blinks!
The frilled lizard hisses angrily.
You hit the orc priest. The orc priest closely misses you.
You slash the orc priest!
The orc priest calls down the wrath of Beogh upon you.
Beogh smites you!
You die...

###### #....
#... #o%# #.@#
#..# #..#
#.l####..##
#.###..........
#......##.#...#
#.........# #
##.######## #.


You could see an orc priest and a frilled lizard.

Vanquished Creatures
  An ooze (D:1)
  2 dart slugs (D:1)
  2 leopard geckos
  2 bats (D:1)
  4 goblins (D:1)
  3 hobgoblins
  4 jackals (D:1)
  5 frilled lizards (D:1)
  4 kobolds
  2 rats (D:1)
29 creatures vanquished.

Notes
Turn   | Place    | Note
-------+----------+-------------------------------------------
     0 | D:1      | n0claF the Minotaur Berserker began the quest for the Orb.
     0 | D:1      | Reached XP level 1. HP: 19/19 MP: 0/0
   264 | D:1      | Reached XP level 2. HP: 24/27 MP: 1/1
   530 | D:1      | Reached ** piety under Trog
   531 | D:1      | Reached XP level 3. HP: 32/33 MP: 2/2
   949 | D:2      | Found a shattered altar of Ashenzari.
   974 | D:2      | You fall through a shaft for 2 floors!
   988 | D:4      | Killed from afar by an orc priest

Skill      XL: |  1  2 |
---------------+-------+-----
Fighting       | 4 |  4.1
Long Blades    | 4 |  4.1
Armour         | 3 |  3.1
Dodging        | |  2.7

Action                   || total
-------------------------++-------
Melee: Falchion          ||    65
       Headbutt          ||    10
 Stab: Sleeping          ||     2
Armor: Animal skin       ||     8
Dodge: Dodged            ||    36
       Rpst.: Falchion   ||     8
